 Dungeon Crawl Stone Soup version 0.29-a0-207-gf982a884d8 (webtiles) character file.

Game seed: 13658643836897995301

48 Zeldest the Ducker (level 3, -5/23 HPs)
             Began as a Tengu Monk on Feb 23, 2022.
             Slain by a goblin
             ... wielding a +0 club
             ... led by Robin
              (7 damage)
             ... on level 2 of the Dungeon.
             The game lasted 00:01:13 (967 turns).

Zeldest the Ducker (Tengu Monk)                      Turns: 967, Time: 00:01:14

Health: -5/23      AC:  0    Str: 11    XL:     3   Next: 72%
Magic:  4/4        EV: 16    Int: 10    God:
Gold:   64         SH:  0    Dex: 18    Spells: 2/2 levels left

rFire   . . .      SeeInvis .   (weapon currently unavailable)
rCold   . . .      Faith    .   (shield currently unavailable)
rNeg    . . .      Spirit   .   (body armour currently unavailable)
rPois   .          Reflect  .   (helmet currently unavailable)
rElec   .          Harm     .   (cloak currently unavailable)
rCorr   .          Rampage  .   (gloves currently unavailable)
Will    .....                   (boots unavailable)
Stlth   ++........              (no amulet)
HPRegen 0.07/turn               (ring currently unavailable)
MPRegen 0.09/turn               (ring currently unavailable)

@: pig-form, very quick
A: fast, no casting, small, (beak), (talons 3)
a: no special abilities


You were on level 2 of the Dungeon.
You were a filthy swine.
You visited 1 branch of the dungeon, and saw 2 of its levels.

You collected 64 gold pieces.

Inventory:

Hand Weapons
 a - a +0 falchion (melded)
Armour
 b - a +0 robe (melded)
Scrolls
 c - a scroll of identify
 d - 2 scrolls of blinking
 i - a scroll of enchant weapon {unknown}
Potions
 e - a potion of invisibility {unknown}
 f - a potion of haste {unknown}
 h - a potion of mutation {unknown}
 j - a potion of flight {unknown}


   Skills:
 + Level 3.5 Fighting
 + Level 4.0 Long Blades
 + Level 4.0 Dodging
 - Level 2.0 Stealth


You had 2 spell levels left.
You didn't know any spells.
Your spell library contained the following spells:

 Spells                   Type           Power      Damage    Failure   Level
 Gell's Gravitas          Tloc           0%         N/A       75%         3
 Lesser Beckoning         Tloc           0%         N/A       75%         3
 Teleport Other           Tloc           0%         N/A       75%         3


Dungeon Overview and Level Annotations

Branches:
Dungeon (2/15)

Altars:

Annotations:
D:2 Robin


Innate Abilities, Weirdness & Mutations

You are a filthy swine.
You move quickly.
Your equipment is almost entirely melded.
You are incapable of wielding weapons or throwing items.
You cannot cast spells.
((You have a beak for a mouth.))
((You have claws for feet.))


Message History

The goblin barely misses you.
You closely miss the goblin.
The goblin is heavily wounded.
Robin hits you from afar with a +4 vorpal spear.
The goblin misses you.
Robin's bangles clink loudly.
You barely miss the goblin. You peck the goblin.
The goblin is severely wounded.
The goblin barely misses you.
Robin hits you from afar with a +4 vorpal spear.
* * * LOW HITPOINT WARNING * * *
x2
Okay, then.
It was a potion of curing.
You feel better. The goblin closely misses you.
You feel better. The goblin barely misses you.
You hit the goblin.
The goblin is severely wounded.
The goblin completely misses you.
Robin zaps a wand.
You resist with significant effort.
You barely miss the goblin.
The goblin is severely wounded.
The goblin completely misses you.
Robin hits you from afar with a +4 vorpal spear.
* * * LOW HITPOINT WARNING * * *
The goblin hits you with a +0 club.
* * * LOW HITPOINT WARNING * * *
You feel better.
Robin zaps a wand.
You turn into a filthy swine.
Your +0 falchion melds into your body.
Your +0 robe melds into your body.
The goblin closely misses you.
Items here: ))))) †.
You see here a +0 dagger.
You hit the goblin.
The goblin is heavily wounded.
The goblin barely misses you. The hobgoblin closely misses you.
Robin barely misses you. The goblin hits you with a +0 club.
* * * LOW HITPOINT WARNING * * *
As you read the scroll labelled GAEXOU XUANE, it crumbles to dust.
It is a scroll of identify.
d - 2 scrolls of blinking The goblin hits you with a +0 club!
You die...

.###...## .......
...... #.# .....
## #.#
#...########. ..#
#####...........
#.#
......ggg......#
#.### #h######^#
#....
#gg.....<#####.###
#######........###
#..........<
############


You could see Robin, a hobgoblin (strong) and 3 goblins.

Vanquished Creatures
  2 dart slugs (D:1)
  5 bats
  4 endoplasms
  3 giant cockroaches
  6 goblins
  4 hobgoblins
  2 jackals (D:1)
  2 ball pythons
  A frilled lizard (D:2)
  A jackal skeleton (D:2)
  12 rats
42 creatures vanquished.

Notes
Turn   | Place    | Note
-------+----------+-------------------------------------------
     0 | D:1      | Zeldest the Tengu Monk began the quest for the Orb.
     0 | D:1      | Reached XP level 1. HP: 14/14 MP: 2/2
   251 | D:1      | Reached XP level 2. HP: 19/19 MP: 3/3
   585 | D:1      | Reached XP level 3. HP: 22/23 MP: 4/4
   947 | D:2      | Noticed Robin
   958 | D:2      | HP: 1/23 [Robin/+4 vorpal spear (2)]
   967 | D:2      | Slain by a goblin

Illustrated notes

Levels and vault maps discovered:
D:1:      noname_arrival_rooms_in_the_neighbourhood, layout_basic
D:2:      layout_loops_ring, nicolae_ecumenical_snake_handling,
          minmay_rat_gold_closets, uniq_robin

Skill      XL: |  1  2  3 |
---------------+----------+-----
Long Blades    | 4 |  4.0
Dodging        | 4 |  4.0
Fighting       | |  3.5
Stealth        | |  2.0

Action                   || total
-------------------------++-------
Melee: Falchion          ||    77
       Peck              ||     4
       Kick              ||    16
       Unarmed           ||     1
  Use: Potion            ||     3
       Scroll            ||     1
 Stab: Sleeping          ||    12
Armor: Robe              ||     9
Dodge: Dodged            ||    53

Table legend: (Time is in decaauts)
 A = Elapsed time spent in this place.
 B = Non-inter-level travel time spent in this place.
 C = Inter-level travel time spent in this place.
 D = Time resting spent in this place.
 E = Time spent auto-exploring this place.
 F = Levels seen in this place.
 G = Mean time per level.
                   A        B        C        D        E       F      G
               +--------+--------+--------+--------+--------+-----+--------+
         Total |    974 |    972 |      2 |      0 |    745 |   2 |  487.0 |
       Dungeon |    974 |    972 |      2 |      0 |    745 |   2 |  487.0 |
               +--------+--------+--------+--------+--------+-----+--------+

Top non-repeatable levels by time:
     D:1: 694 daAuts
     D:2: 280 daAuts
